[Event "WTCC-65 2018"]
[Site "Radebeul"]
[Date "2018.07.15"]
[Round "9"]
[White "Faibisovich, Vadim Z"]
[Black "Bellin, Robert"]
[Result "1/2-1/2"]
[ECO "C46"]
[WhiteElo "2312"]
[BlackElo "2333"]
[Annotator "NA"]
[PlyCount "40"]
[EventDate "2018.07.07"]
[EventType "team-tourn"]
[EventCountry "GER"]
[SourceTitle "playchess.com"]
[Source "ChessBase"]
[SourceQuality "1"]
[TimeControl "40/5400+30:1800+30"]

1. e4 e5 2. Nf3 Nc6 3. Nc3 a6 4. d4 exd4 5. Nxd4 Qf6 6. Nxc6 dxc6 7. Qf3 Qxf3 8. gxf3 Bd7 9. Be3 Nf6 10. O-O-O Be7 11. Rg1 g6 12. Be2 O-O-O 13. f4 Be6 14. Bf3 Rxd1+ 15. Kxd1 Rd8+ 16. Kc1 h5 17. Rd1 Ng4 18. Rxd8+ Kxd8 19. Bxg4 Bxg4 20. Kd2 Bb4 1/2-1/2

[Event "WTCC-65 2018"]
[Site "Radebeul"]
[Date "2018.07.15"]
[Round "9"]
[White "Pushkov, Nikolai"]
[Black "Bernard, Christophe"]
[Result "1/2-1/2"]
[ECO "A05"]
[WhiteElo "2311"]
[BlackElo "2253"]
[Annotator "NA"]
[PlyCount "68"]
[EventDate "2018.07.07"]
[EventType "team-tourn"]
[EventCountry "GER"]
[SourceTitle "playchess.com"]
[Source "ChessBase"]
[SourceQuality "1"]
[TimeControl "40/5400+30:1800+30"]

1. Nf3 Nf6 2. c4 g6 3. Nc3 c5 4. e4 Nc6 5. d4 cxd4 6. Nxd4 d6 7. Be2 Bg7 8. Be3 O-O 9. O-O Bd7 10. Qd2 Nxd4 11. Bxd4 Bc6 12. f3 Nd7 13. Be3 a5 14. b3 Nc5 15. Rab1 Qb6 16. Rfc1 Rfc8 17. Rc2 Qd8 18. Bd4 Qf8 19. Bxg7 Qxg7 20. Rd1 Rf8 21. Qd4 Qxd4+ 22. Rxd4 Rfd8 23. Rd1 Rab8 24. Rcd2 Rf8 25. Re1 Rfd8 26. Bf1 Kf8 27. Kf2 Ne6 28. g3 Ke8 29. f4 Nc5 30. Bg2 e6 31. Nd5 b5 32. cxb5 Bxb5 33. Nc7+ Ke7 34. Nxb5 Rxb5 1/2-1/2

[Event "WTCC-65 2018"]
[Site "Radebeul"]
[Date "2018.07.15"]
[Round "9"]
[White "Berry, Stephen H"]
[Black "Mishuchkov, Nikolai M"]
[Result "1/2-1/2"]
[ECO "A13"]
[WhiteElo "2298"]
[BlackElo "2311"]
[Annotator "NA"]
[PlyCount "33"]
[EventDate "2018.07.07"]
[EventType "team-tourn"]
[EventCountry "GER"]
[SourceTitle "playchess.com"]
[Source "ChessBase"]
[SourceQuality "1"]
[TimeControl "40/5400+30:1800+30"]

1. c4 e6 2. g3 Nf6 3. Bg2 d5 4. Nf3 dxc4 5. Qa4+ Bd7 6. Qxc4 c5 7. O-O Nc6 8. d3 Rc8 9. Qb3 b6 10. Nc3 Be7 11. Bf4 O-O 12. Rac1 Na5 13. Qd1 Bc6 14. b3 Ba8 15. e4 h6 16. Qe2 Nc6 17. Rfd1 1/2-1/2

[Event "WTCC-65 2018"]
[Site "Radebeul"]
[Date "2018.07.15"]
[Round "9"]
[White "Baum, Bernd"]
[Black "Vogt, Lothar"]
[Result "1/2-1/2"]
[ECO "A49"]
[WhiteElo "2280"]
[BlackElo "2376"]
[Annotator "NA"]
[PlyCount "34"]
[EventDate "2018.07.07"]
[EventType "team-tourn"]
[EventCountry "GER"]
[SourceTitle "playchess.com"]
[Source "ChessBase"]
[SourceQuality "1"]
[TimeControl "40/5400+30:1800+30"]

1. d4 Nf6 2. Nf3 g6 3. g3 Bg7 4. Bg2 O-O 5. O-O d6 6. Re1 Nc6 7. d5 Nb4 8. e4 e6 9. a3 Na6 10. dxe6 Bxe6 11. h3 Nc5 12. Nd4 Bd7 13. Nc3 Re8 14. Bf4 Nh5 15. Be3 Nf6 16. Bf4 Nh5 17. Be3 Nf6 1/2-1/2

[Event "WTCC-65 2018"]
[Site "Radebeul"]
[Date "2018.07.15"]
[Round "9"]
[White "Huss, Andreas"]
[Black "Rotstein, Jefim"]
[Result "0-1"]
[ECO "A80"]
[WhiteElo "2276"]
[BlackElo "2318"]
[Annotator "NA"]
[PlyCount "30"]
[EventDate "2018.07.07"]
[EventType "team-tourn"]
[EventCountry "GER"]
[SourceTitle "playchess.com"]
[Source "ChessBase"]
[SourceQuality "1"]
[TimeControl "40/5400+30:1800+30"]

1. d4 f5 2. Nc3 d5 3. Bg5 c6 4. e3 Qb6 5. Na4 Qa5+ 6. c3 e5 7. b4 Bxb4 8. cxb4 Qxb4+ 9. Ke2 h6 10. Bh4 g5 11. f4 exf4 12. Bf2 b6 13. exf4 Ba6+ 14. Kf3 g4+ 15. Kg3 Nf6 0-1

[Event "WTCC-65 2018"]
[Site "Radebeul"]
[Date "2018.07.15"]
[Round "9"]
[White "Khanukov, Boris"]
[Black "Illi, Hans-Joerg"]
[Result "1-0"]
[ECO "A06"]
[WhiteElo "2273"]
[BlackElo "2063"]
[Annotator "NA"]
[PlyCount "87"]
[EventDate "2018.07.07"]
[EventType "team-tourn"]
[EventCountry "GER"]
[SourceTitle "playchess.com"]
[Source "ChessBase"]
[SourceQuality "1"]
[TimeControl "40/5400+30:1800+30"]

1. Nf3 d5 2. g3 Bg4 3. Bg2 c6 4. O-O Nd7 5. d4 Ngf6 6. b3 e6 7. Bb2 Bxf3 8. exf3 Be7 9. Nd2 O-O 10. f4 a5 11. a4 Qb6 12. Nf3 Rfd8 13. Qe2 Qa6 14. Qe3 Ng4 15. Qd2 Bb4 16. c3 Bf8 17. Rfe1 Rac8 18. Rab1 b5 19. Bh3 Ndf6 20. Qd3 Qb7 21. f5 exf5 22. Qxf5 g6 23. Qc2 Rb8 24. Nd2 h5 25. Bg2 Re8 26. axb5 Qxb5 27. h3 Nh6 28. Bf1 Qb7 29. Ra1 Ra8 30. Rxe8 Nxe8 31. Ba3 Nd6 32. Bc5 Nhf5 33. Bd3 Ng7 34. Kg2 Ndf5 35. Bxf8 Kxf8 36. Qd1 Qb6 37. b4 Nxd4 38. bxa5 Qc5 39. cxd4 Qxd4 40. Nf3 Qc3 41. a6 c5 42. Rc1 Qb4 43. Rb1 Qc3 44. Bb5 1-0

[Event "WTCC-65 2018"]
[Site "Radebeul"]
[Date "2018.07.15"]
[Round "9"]
[White "Giffard, Nicolas"]
[Black "Zhelnin, Vladimir V"]
[Result "1/2-1/2"]
[ECO "E61"]
[WhiteElo "2260"]
[BlackElo "2453"]
[Annotator "ChessBase"]
[PlyCount "76"]
[EventDate "2018.07.07"]
[EventType "team-tourn"]
[EventCountry "GER"]
[SourceTitle "playchess.com"]
[Source "ChessBase"]
[SourceQuality "1"]
[TimeControl "40/5400+30:1800+30"]

1. d4 Nf6 2. c4 g6 3. Nc3 Bg7 4. Bg5 d6 5. e3 Nbd7 6. Be2 O-O 7. Nf3 h6 8. Bh4 g5 9. Bg3 Nh5 10. Nd2 Nxg3 11. hxg3 e6 12. b4 c5 13. bxc5 dxc5 14. Nb3 cxd4 15. exd4 Qe7 16. O-O Rd8 17. Qc2 Nf6 18. Rfe1 Bd7 19. Bf1 Rac8 20. Qb2 b6 21. Rac1 Ne8 22. Nd5 Qd6 23. Ne3 Ba4 24. Rcd1 Qc7 25. Rd2 Nd6 26. Qb1 Ne8 27. Red1 Rd6 28. d5 Rcd8 29. dxe6 fxe6 30. Rxd6 Rxd6 31. Rxd6 Nxd6 32. Qg6 Qf7 33. Qd3 Qd7 34. Nd4 Nf7 35. Nb5 Qxd3 36. Bxd3 Ne5 37. Be2 Bxb5 38. cxb5 Kf7 1/2-1/2

[Event "WTCC-65 2018"]
[Site "Radebeul"]
[Date "2018.07.15"]
[Round "9"]
[White "Stebbings, Anthony J"]
[Black "Shushpanov, Vladimir"]
[Result "1/2-1/2"]
[ECO "B27"]
[WhiteElo "2257"]
[BlackElo "2198"]
[Annotator "NA"]
[PlyCount "102"]
[EventDate "2018.07.07"]
[EventType "team-tourn"]
[EventCountry "GER"]
[SourceTitle "playchess.com"]
[Source "ChessBase"]
[SourceQuality "1"]
[TimeControl "40/5400+30:1800+30"]

1. e4 c5 2. Nf3 g6 3. d4 Bg7 4. dxc5 Qa5+ 5. c3 Qxc5 6. Na3 d6 7. Nb5 a6 8. Be3 Qc6 9. Na7 Qc7 10. Nxc8 Qxc8 11. Be2 Nc6 12. Nd4 Nf6 13. f3 O-O 14. O-O Ne5 15. a4 Nc4 16. Bxc4 Qxc4 17. Qd2 Rac8 18. Rfc1 Rfd8 19. b3 Qc7 20. c4 Nd7 21. a5 Ne5 22. Ra2 Qd7 23. Ne2 Nc6 24. Nc3 Qe6 25. Nd5 Kf8 26. b4 Ne5 27. Rac2 Nd7 28. Nb6 Nxb6 29. Bxb6 Rd7 30. Qd5 Qe5 31. Qxe5 Bxe5 32. Kf2 f5 33. exf5 gxf5 34. g3 Kf7 35. Ke3 h5 36. Bd4 Ke6 37. Bxe5 Kxe5 38. f4+ Kf6 39. Rd1 Rdc7 40. Rd4 h4 41. Kf3 Rc6 42. g4 e5 43. g5+ Ke6 44. fxe5 dxe5 45. Rxh4 f4 46. Kg4 Rxc4 47. Rxc4 Rxc4 48. Rh6+ Kd5 49. Rb6 Ke4 50. Rxb7 f3 51. g6 f2 1/2-1/2

[Event "WTCC-65 2018"]
[Site "Radebeul"]
[Date "2018.07.15"]
[Round "9"]
[White "Kierzek, Matthias"]
[Black "Dekan, Hans"]
[Result "0-1"]
[ECO "D67"]
[WhiteElo "2247"]
[BlackElo "2134"]
[Annotator "NA"]
[PlyCount "84"]
[EventDate "2018.07.07"]
[EventType "team-tourn"]
[EventCountry "GER"]
[SourceTitle "playchess.com"]
[Source "ChessBase"]
[SourceQuality "1"]
[TimeControl "40/5400+30:1800+30"]

1. d4 d5 2. c4 c6 3. Nf3 Nf6 4. Nc3 e6 5. Bg5 Be7 6. e3 O-O 7. Bd3 Nbd7 8. O-O dxc4 9. Bxc4 Nd5 10. Bxe7 Qxe7 11. Rc1 Nxc3 12. Rxc3 b6 13. Qc2 Bb7 14. Bd3 f5 15. Rc1 Rac8 16. Qe2 e5 17. Ba6 Bxa6 18. Qxa6 e4 19. Nd2 Nb8 20. Qa4 Rcd8 21. Qa3 c5 22. Nb3 f4 23. dxc5 f3 24. c6 Qg5 25. g3 Qg4 26. Qa4 Kh8 27. Qc4 Rd3 28. Kf1 Qh3+ 29. Ke1 Qxh2 30. Rxd3 Qg1+ 31. Kd2 Qxf2+ 32. Kc3 exd3 33. c7 Qxe3 34. Qd4 Qe8 35. cxb8=Q Qxb8 36. Qxd3 Qxg3 37. Kb4 Qe5 38. Qd4 a5+ 39. Ka4 Qxd4+ 40. Nxd4 f2 41. Rf1 Rf4 42. Kb5 Rxd4 0-1

[Event "WTCC-65 2018"]
[Site "Radebeul"]
[Date "2018.07.15"]
[Round "9"]
[White "Nehmert, Ulrich"]
[Black "Schmidt, Bodo"]
[Result "1-0"]
[ECO "D14"]
[WhiteElo "2220"]
[BlackElo "2344"]
[Annotator "NA"]
[PlyCount "69"]
[EventDate "2018.07.07"]
[EventType "team-tourn"]
[EventCountry "GER"]
[SourceTitle "playchess.com"]
[Source "ChessBase"]
[SourceQuality "1"]
[TimeControl "40/5400+30:1800+30"]

1. d4 d5 2. c4 c6 3. cxd5 cxd5 4. Nc3 Nf6 5. Bf4 Nc6 6. Nf3 Bf5 7. a3 e6 8. e3 Be7 {[%emt 0:01:04] D14: Damengambit (Slawische Verteidigung, Abtauschvariante)} (8... Rc8 9. Bd3 Bxd3 10. Qxd3 Bd6 11. Bxd6 Qxd6 12. O-O O-O 13. Rfc1 Na5 14. Ne2 Ne4 15. Nc3 Nxc3 16. Rxc3 Rxc3 17. Qxc3 {½-½ (31) Kirk,E (2420)-Fantinel,T (2406) Hossegor 2018}) 9. Be2 O-O 10. h3 Na5 $146 ({Vorgänger:} 10... Rc8 11. Rc1 Qb6 12. Na4 Qa5+ 13. Kf1 b5 14. Nc5 Ne4 15. Nxe4 Bxe4 16. Nd2 {0-1 (39) Gunajew,R (2295)-Stachanczyk,J (2227) Dresden 2013}) 11. O-O Qb6 12. b4 Nc4 13. Ne5 Rfc8 14. g4 Bg6 15. Bxc4 dxc4 16. h4 Nd5 17. Nxd5 exd5 18. h5 f6 19. Nxg6 hxg6 20. Qf3 Qe6 21. hxg6 f5 22. g5 Kf8 23. Qh5 Ke8 24. Be5 Bf8 25. e4 dxe4 26. f3 Kd7 27. fxe4 fxe4 28. Rf7+ Kc6 29. b5+ Kb6 30. a4 c3 31. Bc7+ Rxc7 32. a5+ Kxb5 33. Rxc7 Qd5 34. Qe2+ Kb4 35. Rxb7+ 1-0

[Event "WTCC-65 2018"]
[Site "Radebeul"]
[Date "2018.07.15"]
[Round "9"]
[White "Wahlbom, Magnus"]
[Black "Maes, Valeer"]
[Result "1/2-1/2"]
[ECO "C10"]
[WhiteElo "2172"]
[BlackElo "2088"]
[Annotator "NA"]
[PlyCount "52"]
[EventDate "2018.07.07"]
[EventType "team-tourn"]
[EventCountry "GER"]
[SourceTitle "playchess.com"]
[Source "ChessBase"]
[SourceQuality "1"]
[TimeControl "40/5400+30:1800+30"]

1. e4 e6 2. d4 d5 3. Nc3 Nc6 4. Nf3 Nf6 5. exd5 exd5 6. Bb5 Bb4 7. O-O O-O 8. Bg5 Bxc3 9. bxc3 Qd6 10. Bxf6 Qxf6 11. h3 a6 12. Bd3 Bf5 13. Rb1 Bxd3 14. cxd3 b6 15. Re1 Rfd8 16. Re3 g6 17. Qd2 Re8 18. Rbe1 Rxe3 19. Qxe3 Kg7 20. Nh2 h5 21. Qg3 Qd6 22. Qe3 Qf6 23. Nf3 Rd8 24. h4 Rd7 25. Qe8 Rd8 26. Qe3 Rd7 1/2-1/2

[Event "WTCC-65 2018"]
[Site "Radebeul"]
[Date "2018.07.15"]
[Round "9"]
[White "Sandmeier, Toni"]
[Black "Ackermann, Hans Werner"]
[Result "1/2-1/2"]
[ECO "A10"]
[WhiteElo "2159"]
[BlackElo "2267"]
[Annotator "NA"]
[PlyCount "25"]
[EventDate "2018.07.07"]
[EventType "team-tourn"]
[EventCountry "GER"]
[SourceTitle "playchess.com"]
[Source "ChessBase"]
[SourceQuality "1"]
[TimeControl "40/5400+30:1800+30"]

1. c4 b6 2. Nc3 Bb7 3. e4 e5 4. Nf3 Nc6 5. d4 exd4 6. Nxd4 Bb4 7. Nde2 Nf6 8. a3 Be7 9. Ng3 O-O 10. Be2 Re8 11. O-O Bc5 12. Kh1 a5 13. f3 1/2-1/2

[Event "WTCC-65 2018"]
[Site "Radebeul"]
[Date "2018.07.15"]
[Round "9"]
[White "Krauseneck, Peter"]
[Black "Romcovici, Victor"]
[Result "1/2-1/2"]
[ECO "D00"]
[WhiteElo "2147"]
[BlackElo "2114"]
[Annotator "NA"]
[PlyCount "162"]
[EventDate "2018.07.07"]
[EventType "team-tourn"]
[EventCountry "GER"]
[SourceTitle "playchess.com"]
[Source "ChessBase"]
[SourceQuality "1"]
[TimeControl "40/5400+30:1800+30"]

1. d4 d5 2. Nc3 Nf6 3. Bf4 Bf5 {[%emt 0:02:45] D00: 1 d4 d5: Unusual lines} (3... e6 4. Nb5 Na6 5. e3 c6 6. Nc3 Nc7 7. Nf3 Bd6 8. Ne5 O-O 9. Qf3 Bb4 10. Bd3 Nb5 11. O-O Nxc3 12. bxc3 Bxc3 {0-1 (33) Jobava,B (2690)-Anand,V (2782) Riadh 2017}) 4. f3 e6 5. e3 h6 6. g4 Bh7 7. Bd3 Bd6 $146 ({Predecessor:} 7... Bxd3 8. Qxd3 a6 9. h4 c5 10. Nge2 Nc6 11. O-O-O {1-0 (35) Bortnyk,O (2581)-Neiksans,A (2631) Tallinn 2016}) 8. Bxh7 Nxh7 9. h4 a6 10. Qd2 Nc6 11. O-O-O Qd7 12. Nge2 O-O-O 13. Kb1 Kb8 14. Nc1 Na5 15. N3e2 Nc4 16. Qc3 Qb5 17. Qb3 Qa5 18. Qd3 Qb4 19. Nb3 a5 20. Qc3 Qb5 21. Nc5 e5 22. a4 Qb6 23. Bg3 Rhe8 24. Nb3 exd4 25. Qxd4 Qxd4 26. Nbxd4 Rxe3 27. b3 Nb6 28. Bf2 Re7 29. Nc3 Be5 30. Nf5 Red7 31. Rd3 Nc8 32. Rhd1 c6 33. Ne2 Nf6 34. Nxg7 Nxg4 35. fxg4 Bxg7 36. Bd4 Bxd4 37. Nxd4 Rg8 38. Rg3 Nd6 39. Kc1 c5 40. Nf3 Ne4 41. Rg2 d4 42. Rf1 Rd5 43. Nd2 f5 44. Rf4 Nf6 45. g5 Ng4 46. gxh6 Rh8 47. Rg1 Rxh6 48. Rh1 Kc7 49. Nc4 b6 50. Kd2 Nf6 51. Rhf1 Rh5 52. Rg1 Ng4 53. Rh1 Rd7 54. Rhf1 Rd5 55. Rh1 Nf6 56. Rg1 Ne4+ 57. Kd3 Rd7 58. Rg6 Nd6 59. Rf6 Nxc4 60. Kxc4 Rdh7 61. R6xf5 Rxf5 62. Rxf5 Rxh4 63. Rf7+ Kd6 64. Rf6+ Ke5 65. Rxb6 Rh2 66. Kxc5 Rxc2+ 67. Kb5 d3 68. Rb8 Kd4 69. Rd8+ Kc3 70. Kxa5 d2 71. b4 Kc4 72. Rc8+ Kb3 73. Rd8 Ra2 74. Rd3+ Kc2 75. Rd7 Ra3 76. Rxd2+ Kxd2 77. b5 Kc3 78. b6 $11 Kc4 79. b7 Rb3 80. Ka6 Kc5 81. Ka7 Rxb7+ 1/2-1/2

[Event "WTCC-65 2018"]
[Site "Radebeul"]
[Date "2018.07.15"]
[Round "9"]
[White "Malmdin, Nils-Ake"]
[Black "Van de Wynkele, Herman"]
[Result "1-0"]
[ECO "A04"]
[WhiteElo "2138"]
[BlackElo "2084"]
[Annotator "NA"]
[PlyCount "69"]
[EventDate "2018.07.07"]
[EventType "team-tourn"]
[EventCountry "GER"]
[SourceTitle "playchess.com"]
[Source "ChessBase"]
[SourceQuality "1"]
[TimeControl "40/5400+30:1800+30"]

1. Nf3 g6 2. d4 Bg7 3. e4 d6 4. Bc4 a6 5. a4 Nf6 6. Qe2 d5 7. exd5 Nxd5 8. h3 Nc6 9. c3 O-O 10. O-O Bf5 11. Rd1 Qd6 12. Nbd2 Bc2 13. Re1 Nf4 14. Qf1 Qf6 15. g3 Nh5 16. Kg2 Qd6 17. b4 e5 18. b5 axb5 19. dxe5 Nxe5 20. Ba3 Qf6 21. Bxb5 Nxf3 22. Nxf3 c6 23. Bxf8 Rxf8 24. Bc4 Qxc3 25. Rac1 Bh6 26. Qe2 Bxc1 27. Rxc1 b5 28. Rxc2 Qf6 29. axb5 cxb5 30. Bxb5 Rd8 31. Qe5 Qb6 32. Rc7 Ng7 33. Qe7 Rf8 34. Bc4 Nf5 35. Bxf7+ 1-0

[Event "WTCC-65 2018"]
[Site "Radebeul"]
[Date "2018.07.15"]
[Round "9"]
[White "Nevednichy, Boris M"]
[Black "Klundt, Klaus"]
[Result "1/2-1/2"]
[ECO "B23"]
[WhiteElo "2115"]
[BlackElo "2318"]
[Annotator "NA"]
[PlyCount "76"]
[EventDate "2018.07.07"]
[EventType "team-tourn"]
[EventCountry "GER"]
[SourceTitle "playchess.com"]
[Source "ChessBase"]
[SourceQuality "1"]
[TimeControl "40/5400+30:1800+30"]

1. e4 c5 2. Nc3 e6 3. Nge2 Nc6 4. g3 Nf6 5. Bg2 d5 6. exd5 exd5 7. O-O d4 8. Ne4 Nxe4 9. Bxe4 Bd6 10. d3 O-O 11. Nf4 Ne5 12. h3 Re8 13. Bg2 Rb8 14. Nd5 Be6 15. Nf4 Bd7 16. c3 dxc3 17. bxc3 Bc6 18. d4 cxd4 19. cxd4 Bxg2 20. Nxg2 Nc6 21. Qg4 Qf6 22. Be3 Nb4 23. a4 Nd5 24. Rfe1 Qe6 25. Bd2 Qxg4 26. hxg4 Kf8 27. Ne3 Nxe3 28. Bxe3 b6 29. Kg2 Rbc8 30. Rec1 Ke7 31. Kf3 Kd7 32. g5 Rxc1 33. Rxc1 Rc8 34. Rxc8 Kxc8 35. Ke4 Kd7 36. Kd5 a6 37. Kc4 Be7 38. d5 Bd8 1/2-1/2

[Event "WTCC-65 2018"]
[Site "Radebeul"]
[Date "2018.07.15"]
[Round "9"]
[White "Weisenburger, Horst"]
[Black "Belinchis, Valerii"]
[Result "1-0"]
[ECO "A45"]
[WhiteElo "2096"]
[BlackElo "1881"]
[Annotator "NA"]
[PlyCount "77"]
[EventDate "2018.07.07"]
[EventType "team-tourn"]
[EventCountry "GER"]
[SourceTitle "playchess.com"]
[Source "ChessBase"]
[SourceQuality "1"]
[TimeControl "40/5400+30:1800+30"]

1. d4 Nf6 2. Bf4 c5 3. d5 d6 4. Nc3 g6 5. Qd2 a6 6. a4 Qa5 7. Ra3 Bg7 8. Nf3 Nbd7 9. e4 Nh5 10. Bh6 O-O 11. Be2 Re8 12. O-O Nhf6 13. Nh4 Qb4 14. Bxg7 Kxg7 15. Rb3 Qd4 16. Qg5 Kh8 17. Nf3 Nxe4 18. Qh4 Qf6 19. Qxe4 Nf8 20. Qe3 e5 21. Ne4 Qe7 22. Nfg5 f5 23. Nxd6 f4 24. Ngf7+ Kg7 25. Qc3 Nd7 26. Nxe8+ Kxf7 27. Nc7 Ra7 28. Ne6 b6 29. Qh3 Kg8 30. Qh6 Nf6 31. Qg5 Nxd5 32. Qxe7 Rxe7 33. Ng5 Kg7 34. Bc4 Nb4 35. c3 Nc6 36. Rxb6 Na5 37. Bxa6 Bf5 38. b4 Nb3 39. Rb7 1-0

[Event "WTCC-65 2018"]
[Site "Radebeul"]
[Date "2018.07.15"]
[Round "9"]
[White "Hohler, Peter"]
[Black "Donchenko, Anatoly"]
[Result "1/2-1/2"]
[ECO "D21"]
[WhiteElo "2073"]
[BlackElo "2301"]
[Annotator "NA"]
[PlyCount "50"]
[EventDate "2018.07.07"]
[EventType "team-tourn"]
[EventCountry "GER"]
[SourceTitle "playchess.com"]
[Source "ChessBase"]
[SourceQuality "1"]
[TimeControl "40/5400+30:1800+30"]

1. d4 d5 2. c4 dxc4 3. Nf3 a6 4. e3 Nf6 5. a4 e6 6. Bxc4 c5 7. O-O Nc6 8. Qe2 Qc7 9. Nc3 Be7 10. dxc5 Bxc5 11. Bd2 O-O 12. Rac1 b6 13. Bd3 a5 14. Rfd1 Rd8 15. h3 Bb7 16. e4 Nd7 17. Be3 Bxe3 18. Qxe3 Nc5 19. Bc4 h6 20. Nb5 Qe7 21. Nc3 Rxd1+ 22. Rxd1 Rd8 23. Rd2 Rxd2 24. Nxd2 Qd8 25. f4 Kf8 1/2-1/2

[Event "WTCC-65 2018"]
[Site "Radebeul"]
[Date "2018.07.15"]
[Round "9"]
[White "Gass, Ulrich"]
[Black "Bartsch, Berthold"]
[Result "1-0"]
[ECO "B17"]
[WhiteElo "2072"]
[BlackElo "2248"]
[Annotator "NA"]
[PlyCount "61"]
[EventDate "2018.07.07"]
[EventType "team-tourn"]
[EventCountry "GER"]
[SourceTitle "playchess.com"]
[Source "ChessBase"]
[SourceQuality "1"]
[TimeControl "40/5400+30:1800+30"]

1. e4 c6 2. d4 d5 3. Nc3 dxe4 4. Nxe4 Nd7 5. Bc4 Ngf6 6. Ng5 e6 7. Qd3 Nb6 8. Bb3 h6 9. N5f3 Qc7 10. Ne2 c5 11. dxc5 Bxc5 12. Bf4 Qe7 13. O-O O-O 14. Rad1 Bd7 15. Ne5 Rfd8 16. Qh3 Ba4 17. Nd3 Bxb3 18. axb3 Nbd5 19. Bd2 Bb6 20. c4 Nc7 21. Bb4 Rxd3 22. Bxe7 Rxh3 23. gxh3 Nce8 24. b4 Rc8 25. c5 Bc7 26. Nc3 Be5 27. Rd8 Rxd8 28. Bxd8 a6 29. Rd1 Bxc3 30. bxc3 Nd5 31. Ba5 1-0

[Event "WTCC-65 2018"]
[Site "Radebeul"]
[Date "2018.07.15"]
[Round "9"]
[White "Van Herck, Marcel"]
[Black "Hammar, Bengt"]
[Result "0-1"]
[ECO "B94"]
[WhiteElo "2008"]
[BlackElo "2159"]
[Annotator "NA"]
[PlyCount "50"]
[EventDate "2018.07.07"]
[EventType "team-tourn"]
[EventCountry "GER"]
[SourceTitle "playchess.com"]
[Source "ChessBase"]
[SourceQuality "1"]
[TimeControl "40/5400+30:1800+30"]

1. e4 c5 2. Nf3 d6 3. d4 cxd4 4. Nxd4 Nf6 5. Nc3 a6 6. Bg5 Nbd7 7. Bc4 Qa5 8. Qd2 e6 9. f3 b5 10. Bb3 Bb7 11. O-O Be7 12. Be3 Nc5 13. a3 Nxb3 14. Nxb3 Qc7 15. Qf2 Nd7 16. Bd4 O-O 17. Qg3 e5 18. Be3 Kh8 19. Qf2 f5 20. exf5 d5 21. Rfd1 d4 22. Bxd4 exd4 23. Nxd4 Bc5 24. Ne4 Bxe4 25. fxe4 Rae8 0-1

[Event "WTCC-65 2018"]
[Site "Radebeul"]
[Date "2018.07.15"]
[Round "9"]
[White "Scovitin, Albert"]
[Black "Seibold, Hubert"]
[Result "1/2-1/2"]
[ECO "A22"]
[WhiteElo "2004"]
[BlackElo "2113"]
[Annotator "NA"]
[PlyCount "86"]
[EventDate "2018.07.07"]
[EventType "team-tourn"]
[EventCountry "GER"]
[SourceTitle "playchess.com"]
[Source "ChessBase"]
[SourceQuality "1"]
[TimeControl "40/5400+30:1800+30"]

1. c4 e5 2. Nc3 Nf6 3. g3 d5 4. cxd5 Nxd5 5. Bg2 Nxc3 6. bxc3 Be7 7. Nf3 Nc6 8. O-O O-O 9. d4 exd4 10. cxd4 Bf6 11. e3 Bf5 12. Ba3 Re8 13. Qb3 Na5 14. Qb5 c5 15. Qxc5 Bd3 16. Rfc1 Rc8 17. Qxc8 Qxc8 18. Rxc8 Rxc8 19. Rc1 Rxc1+ 20. Bxc1 Bc4 21. a3 b5 22. Nd2 Be7 23. e4 Nb3 24. Nxb3 Bxb3 25. e5 b4 26. axb4 Bxb4 27. Bb2 a5 28. d5 Kf8 29. d6 a4 30. f4 a3 31. Bc1 Ba4 32. Bd5 Ke8 33. Kf2 Bc5+ 34. Ke2 h5 35. Be3 Bb4 36. Bd4 g6 37. Kd3 Bb5+ 38. Ke3 Bd7 39. Kf2 Bf5 40. Kg2 Bd2 41. Kf2 Bc1 42. Bc4 Bb2 43. Bc5 Be6 1/2-1/2